 Dungeon Crawl Stone Soup version 0.29.1-12-g30fa7ad0bf (webtiles) character file.

Game seed: 8395753450076822542

250 hawla the Chiller (level 6, -2/45 HPs)
             Began as a Meteoran Ice Elementalist on Dec 26, 2022.
             Slain by a gnoll
             ... wielding a +0 whip
             ... led by a gnoll bouda
              (8 damage)
             ... on level 4 of the Dungeon.
             The game lasted 00:07:16 (1281 turns).

hawla the Chiller (Meteoran Ice Elementalist)       Turns: 1281, Time: 00:07:16

Health: -2/45      AC:  2    Str: 10    XL:     6   Next: 62%
Magic:  13/13      EV: 13    Int: 18    God:
Gold:   102        SH:  0    Dex: 15    Spells: 6/14 levels left

rFire   . . .      SeeInvis .   (no weapon)
rCold   . . .      Faith    .   (no shield)
rNeg    . . .      Spirit   .   a - +0 robe
rPois   .          Reflect  .   (no helmet)
rElec   .          Harm     .   (no cloak)
rCorr   .          Rampage  .   (no gloves)
Will    .....                   (no boots)
Stlth   +.........              (no amulet)
HPRegen 0.15/turn               (no ring)
MPRegen 0.13/turn               (no ring)

@: weakened, glowing
A: sense surroundings 1, otherworldly, glowing, explore regen
a: no special abilities


You were on level 4 of the Dungeon.
You visited 1 branch of the dungeon, and saw 4 of its levels.

You collected 102 gold pieces.

Inventory:

Armour
 a - a +0 robe (worn)
Jewellery
 c - a +4 ring of protection
Wands
 j - a wand of flame (17)
Scrolls
 d - a scroll of blinking {unknown}
 g - a scroll of immolation {unknown}
 h - a scroll of fear {unknown}
 k - 2 scrolls of identify {unknown}
Potions
 b - a potion of magic
 e - 2 potions of mutation {unknown}
 f - a potion of curing
 i - a potion of flight {unknown}


   Skills:
 - Level 0.2 Fighting
 - Level 3.1 Dodging
 - Level 1.4 Stealth
 - Level 4.6 Spellcasting
 + Level 3.1 Conjurations
 - Level 6.0 Ice Magic


You had 6 spell levels left.
You knew the following spells:

 Your Spells              Type           Power      Damage    Failure   Level
a - Freeze                Ice            100%       1d11      1%          1
b - Frozen Ramparts       Ice            50%        1d8       3%          3
c - Hailstorm             Conj/Ice       20%        3d6       22%         4

Your spell library contained the following spells:

 Spells                   Type           Power      Damage    Failure   Level
 Ozocubu's Armour         Ice            25%        N/A       3%          3
 Dazzling Flash           Conj/Hex       18%        N/A       22%         3
 Iskenderun's Mystic Bla  Conj/Tloc      9%         2d4       58%         4
 Leda's Liquefaction      Hex/Erth       2%         N/A       80%         4
 Lee's Rapid Deconstruct  Erth           2%         3d5*      98%         5
 Starburst                Conj/Fire      4%         6d4       100%        6
 Statue Form              Tmut/Erth      2%         N/A       100%        6


Dungeon Overview and Level Annotations

Branches:
Dungeon (4/15) Zot: 1133   Temple (0/1) D:4

Altars:


Innate Abilities, Weirdness & Mutations

You passively map a small area around you.
You are easily found by Zot.
You glow in the dark.
You regain HP and MP as you explore.


Message History

Confirm with . or Enter, or press ? or * to list all spells.
Casting: Frozen Ramparts (dangerous; 3% risk of failure)
Press: ? - help, Dir - look around, f - activate The walls around you are covered in ice.
The gnoll shouts!
The wall freezes the gnoll.
The gnoll hits you from afar with a +0 spear.
The gnoll hits you from afar with a +0 spear.
The gnoll bouda barks out a call to the hunt!
The gnolls pick up the pace!
The wall freezes the gnoll.
The gnoll hits you from afar with a +0 spear.
The wall freezes the gnoll.
The gnoll closely misses you.
The gnoll hits you from afar with a +0 spear!
The wall freezes the gnoll!
You kill the gnoll!
The gnoll bouda gazes fiercely through you!
You feel your attacks grow feeble.
Your Conjurations skill increases to level 3!
Your frozen ramparts will break if you move.
Continue?
The frozen ramparts melt away as you move.
The gnoll bouda barks out a call to the hunt!
The gnoll picks up the pace!
The gnoll hits you from afar with a +0 spear!
The gnoll hits you from afar with a +0 spear!
* * * LOW HITPOINT WARNING * * *
The gnoll bouda gazes fiercely through you!
You feel as though you will be weak longer.
You feel better. The gnoll closely misses you.
The gnoll hits you with a +0 whip!
* * * LOW HITPOINT WARNING * * *
The gnoll misses you.
The gnoll bouda gazes fiercely through you!
You feel as though you will be weak longer.
The gnoll attacks as you move away! The gnoll hits you with a +0 whip.
* * * LOW HITPOINT WARNING * * *
The gnoll hits you from afar with a +0 spear.
* * * LOW HITPOINT WARNING * * *
The gnoll hits you with a +0 whip!
You die...

#.####...#####....# ###
#..........#......##...
##.###.#.......#.....#
* #.#...#...#.....
#.#g...#.###..# *
#...g.....#...#*
###.......#...#
#.#######.........#
#....@gggg...###..#
############## #..####
#...... #.#####
########.# #......#.#
#.####.#.##### #.#
#.#......
###.####....####


You could see 4 gnolls.

Vanquished Creatures
  A hound (D:4)
  Natasha (D:3)
  4 orc wizards
  2 adders
  A gnoll (D:4)
  2 worms (D:2)
  4 dart slugs (D:2)
  4 orcs
  2 endoplasms
  4 giant cockroaches
  2 goblins
  4 hobgoblins
  6 jackals
  4 kobolds
  3 quokkas
  4 ball pythons
  4 bats
  5 frilled lizards
  4 rats
61 creatures vanquished.

Vanquished Creatures (others)
  An orc (D:3)
1 creature vanquished.

Grand Total: 62 creatures vanquished

Notes
Turn   | Place    | Note
-------+----------+-------------------------------------------
     0 | D:1      | hawla the Meteoran Ice Elementalist began the quest for the
                  | Orb.
     0 | D:1      | Reached XP level 1. HP: 14/14 MP: 5/5
   115 | D:1      | Reached XP level 2. HP: 20/20 MP: 4/6
   338 | D:1      | Reached skill level 5 in Ice Magic
   407 | D:1      | Reached XP level 3. HP: 7/26 MP: 2/8
   515 | D:1      | Glimpsed the power of Zot.
   528 | D:2      | Learned a level 3 spell: Frozen Ramparts
   555 | D:2      | Reached XP level 4. HP: 25/33 MP: 6/10
   637 | D:2      | Reached XP level 5. HP: 38/38 MP: 9/11
   714 | D:2      | Found a faded altar of an unknown god.
  1013 | D:3      | Reached skill level 6 in Ice Magic
  1013 | D:3      | Reached XP level 6. HP: 14/45 MP: 3/13
  1018 | D:3      | Learned a level 4 spell: Hailstorm
  1059 | D:3      | Noticed Natasha
  1064 | D:3      | Killed Natasha
  1065 | D:3      | Reached skill level 1 in Conjurations
  1281 | D:4      | Slain by a gnoll

Illustrated notes

Levels and vault maps discovered:
D:1:      lemuel_arrival_lava_pool, layout_loops_cross, minivault_25,
          glass_columns_a
D:2:      layout_basic, basic_ecumenical_altar
D:3:      layout_rooms, nicolae_overflow_crystal_walls, uniq_terence,
          uniq_grinder, uniq_natasha
D:4:      layout_loops_corners, minmay_temple_entry_overgrown,
          hangedman_decor_points, hangedman_decor_lopped

Skill      XL: |  1  2  3  4  5  6 |
---------------+-------------------+-----
Ice Magic      | 5 6 |  6.0
Spellcasting   | 3 4 |  4.6
Dodging        | 3 |  3.1
Conjurations   | 3 |  3.1
Fighting       | |  0.2
Stealth        | |  1.4

Action                   |  1- 3 |  4- 6 || total
-------------------------+-------+-------++-------
Melee: Unarmed           |    10 |     5 ||    15
 Cast: Freeze            |    27 |    32 ||    59
       Frozen Ramparts   |     1 |    15 ||    16
  Use: Potion            |     2 |     1 ||     3
Armor: Robe              |    14 |    11 ||    25
Dodge: Dodged            |    33 |    23 ||    56
